 Dungeon Crawl Stone Soup version 0.23.2-1-ga50397a6bc (webtiles) character file.

Game seed: 10273024995457859682

82 OdinFK the Shooter (level 4, -1/36 HPs)
             Began as a Centaur Hunter on May 8, 2019.
             Slain by an adder zombie (2 damage)
             ... on level 4 of the Dungeon.
             The game lasted 00:12:01 (2221 turns).

OdinFK the Shooter (Centaur Hunter)                 Turns: 2221, Time: 00:12:02

Health: -1/36      AC:  4    Str: 15    XL:     4   Next: 21%
Magic:  4/4        EV:  9    Int: 10    God:
Gold:   104        SH:  0    Dex: 10    Spells: 3/3 levels left

rFire    . . .     SeeInvis .   b - +0 short sword
rCold    . . .     Gourm    .   (no shield)
rNeg     . . .     Faith    .   c - +0 leather armour
rPois    .         Spirit   .   (no helmet)
rElec    .         Reflect  .   (no cloak)
rCorr    .         Harm     .   (no gloves)
MR       .....                  (no barding)
Stlth    +.........             (no amulet)
HPRegen  0.12/turn              l - ring of flight
MPRegen  0.09/turn              (no ring)

@: very quick
A: large, hooves 3, deformed body, speed 2, tough skin 3
a: Evoke Flight


You were on level 4 of the Dungeon.
You were not hungry.

You visited 1 branch of the dungeon, and saw 4 of its levels.

You collected 104 gold pieces.

Inventory:

Hand Weapons
 a - a +1 shortbow
 b - a +0 short sword (weapon)
Armour
 c - a +0 leather armour (worn)
Jewellery
 l - a ring of flight (left hand)
Scrolls
 h - a scroll of amnesia {unknown}
 i - a scroll of enchant weapon {unknown}
 j - 3 scrolls of identify {unknown}
 k - a scroll of remove curse {unknown}
 m - 2 scrolls of immolation {unknown}
 o - a scroll of teleportation {unknown}
Potions
 e - 2 potions of curing {unknown}
 g - a potion of agility {unknown}
Comestibles
 f - 2 rations
 n - 8 chunks of flesh


   Skills:
 + Level 2.1 Fighting
 + Level 1.4 Short Blades
 * Level 6.7 Bows
 + Level 0.9 Armour
 - Level 1.3 Dodging
 - Level 0.4 Stealth


You had 3 spell levels left.
You didn't know any spells.
Your spell library was empty.

Dungeon Overview and Level Annotations

Branches:
Dungeon (4/15)
 Temple: D:4-7

Altars:

Annotations:
D:3 Grinder
D:4 Blork the orc


Innate Abilities, Weirdness & Mutations

You have hooves in place of feet.
Armour fits poorly on your strangely shaped body.
You cover ground very quickly.
You have extremely tough skin. (AC +3)


Message History

The magic dart hits you!
* * * LOW HITPOINT WARNING * * *
You see here 13 gold pieces.
You open the door.
An adder zombie comes into view.
Really attack while wielding your +1 shortbow? [Y]es or [N]o only, please.
Really attack while wielding your +1 shortbow?
Okay, then.
Firing (i - inventory)
d - an arrow (quivered)
Press: ? - help, Shift-Dir - straight line, f - adder zombie, p - Blork the orc
Aim: an adder zombie You shoot an arrow.
The arrow barely misses the adder zombie.
The adder zombie bites you but does no damage.
Blork the orc hits you from afar with a +0 glaive.
* * * LOW HITPOINT WARNING * * *
b - a +0 short sword (weapon)
The adder zombie bites you.
You die...

############
##.#........#
#####.....#####.#
..........# #.#
.####.....# #o#
##o#### #.# #.#
####.## #@#
#.....# #Z#
#.##..# ... #
#(.# ..... #..#
....... #(.#
......... #...
#### +.........+
.... ....
#....(....#
#(.(#####


You could see Blork the orc and an adder zombie.

Vanquished Creatures
  Robin (D:3)
  2 adders (D:2)
  A leopard gecko (D:2)
  4 ball pythons
  4 giant cockroaches
  13 goblins
  6 hobgoblins
  2 jackals (D:1)
  7 bats
  A frilled lizard (D:1)
  3 kobolds
  A rat (D:2)
45 creatures vanquished.

Notes
Turn   | Place    | Note
-------+----------+-------------------------------------------
     0 | D:1      | OdinFK the Centaur Hunter began the quest for the Orb.
     0 | D:1      | Reached XP level 1. HP: 17/17 MP: 1/1
   101 | D:1      | Reached XP level 2. HP: 18/24 MP: 2/2
   111 | D:1      | Reached skill level 6 in Bows
   984 | D:2      | You fall through a shaft for 2 floors!
  1314 | D:3      | Reached XP level 3. HP: 29/29 MP: 3/3
  1482 | D:3      | Noticed Robin
  1494 | D:3      | Killed Robin
  1494 | D:3      | Reached skill level 1 in Short Blades
  1616 | D:3      | Noticed Grinder
  1922 | D:2      | Reached XP level 4. HP: 26/36 MP: 4/4
  2113 | D:2      | You fall through a shaft for 2 floors!
  2192 | D:4      | Noticed Blork the orc
  2206 | D:4      | HP: 1/36 [Blork the orc/magic dart (7)]
  2220 | D:4      | HP: 1/36 [Blork the orc/+0 glaive (1)]
  2221 | D:4      | Slain by an adder zombie

Skill      XL: |  1  2  3 |
---------------+----------+-----
Bows           | 6 |  6.7
Short Blades   | 1 |  1.4
Fighting       | |  2.1
Armour         | |  0.9
Dodging        | |  1.3
Stealth        | |  0.4

Action                   |  1- 3 |  4- 6 || total
-------------------------+-------+-------++-------
Melee: Short sword       |    91 |    35 ||   126
       Kick              |    10 |     2 ||    12
 Fire: Shortbow          |    46 |    11 ||    57
  Eat: Chunk             |     1 |     2 ||     3
Armor: Leather armour    |    39 |    19 ||    58
Dodge: Dodged            |    47 |    17 ||    64
